 Dungeon Crawl Stone Soup version 0.17.0-28-g6e173f8 (webtiles) character file.

505 Rationalist the Shield-Bearer (level 7, 0/55 HPs)
             Began as a Formicid Fighter on Nov 28, 2015.
             Succumbed to a scorpion's poison
             ... on level 5 of the Dungeon.
             The game lasted 00:07:12 (3807 turns).

Rationalist the Shield-Bearer (Formicid Fighter)    Turns: 3807, Time: 00:07:12

Health: 0/55       AC:  7    Str: 20    XL:     7   Next: 41%
Magic:  7/7        EV:  9    Int:  8    God:
Gold:   39         SH: 10    Dex: 12    Spells: 0 memorised, 6 levels left

rFire  . . .     SeeInvis +     a - +0 war axe
rCold  . . .     Clarity  .     b - +0 scale mail
rNeg   + . .     SustAt   .     c - +0 shield
rPois  .         Gourm    .     (helmet unavailable)
rElec  .         Spirit   .     (no cloak)
rCorr  .         Warding  +     (no gloves)
rMut   .         Stasis   +     (no boots)
MR     .....                    d - amulet of warding
Stlth  ..........               (no ring)
                                q - ring of wizardry

@: lethally poisoned (0 -> -16), not resistant to hostile enchantments,
extremely unstealthy
A: permanent stasis, dig shafts and tunnels, four strong arms, antennae 3
a: Dig, Shaft Self


You were on level 5 of the Dungeon.
You were very hungry.

You visited 1 branch of the dungeon, and saw 5 of its levels.

You collected 201 gold pieces.
You spent 162 gold pieces at shops.

Inventory:

Hand Weapons
 a - a +0 war axe (weapon)
 v - a +1 hunting sling of evasion
Missiles
 h - 29 sling bullets
Armour
 b - a +0 scale mail (worn)
 c - a +0 shield (worn)
Jewellery
 d - an amulet of warding (around neck)
 l - an uncursed amulet of clarity
 q - a ring of wizardry (left hand)
Scrolls
 f - a scroll of identify
 i - 2 scrolls of magic mapping
 n - 2 scrolls of remove curse
 o - a scroll of noise
 p - 5 scrolls of fog
 r - a scroll of random uselessness
 t - 2 scrolls of recharging
Potions
 g - a potion of magic
 s - a potion of flight
Comestibles
 e - 4 bread rations
 j - a meat ration
 k - 3 slices of pizza


   Skills:
 + Level 4.7 Fighting
 + Level 3.7 Axes
 + Level 4.5 Armour
 + Level 2.7 Dodging
 + Level 1.0 Stealth
 + Level 5.6 Shields


You had 6 spell levels left.
You didn't know any spells.

Dungeon Overview and Level Annotations

Branches:
Dungeon (5/15)
 Temple: D:4-7

Altars:
Dithmenos
The Shining One

Shops:
D:4 *


Innate Abilities, Weirdness & Mutations

You are under a permanent stasis effect.
You can dig through walls and to a lower floor.
Your four strong arms can wield two-handed weapons with a shield.
You have a pair of large antennae on your head (SInv).


Message History

You are feeling very hungry.
* * * LOW HITPOINT WARNING * * *
You feel very sick.
There is an open door here.
Drink which item? (? for menu, Esc to quit)
Okay, then.
Unknown command.
You aren't carrying any items that can be evoked.
* * * LOW HITPOINT WARNING * * *
You feel sick.
* * * LOW HITPOINT WARNING * * *
You feel sick.
* * * LOW HITPOINT WARNING * * *
You feel sick.
* * * LOW HITPOINT WARNING * * *
You feel sick.
* * * LOW HITPOINT WARNING * * *
You feel sick.
There is a lethal amount of poison in your body!
You die...

#.#################
............#...#..
..........†.'...#..
+###########'##.###.###'
..............#.# #.....
..............#......#..
..............+......#..
..............#......#..
.......@......######.#..
..#########....# #.##.
#....# ...#. #....#
...#. #....+ ....# ...


There were no monsters in sight!

Vanquished Creatures
  A scorpion (D:5)
  3 wights (D:3)
  A centaur zombie (D:4)
  A hound (D:4)
  A centaur skeleton (D:4)
  2 orc wizards
  Robin (D:4)
  7 adders
  3 oozes
  3 worms
  2 giant geckos (D:3)
  9 orcs
  5 giant cockroaches
  9 hobgoblins
  7 jackals
  10 kobolds
  A quokka (D:2)
  3 ball pythons
  4 bats
  5 giant newts
  9 goblins
  4 rats
91 creatures vanquished.

Notes
Turn   | Place    | Note
--------------------------------------------------------------
     0 | D:1      | Rationalist the Formicid Fighter began the quest for the Orb.
     0 | D:1      | Reached XP level 1. HP: 18/18 MP: 1/1
   101 | D:1      | Reached XP level 2. HP: 10/24 MP: 2/2
   981 | D:1      | Reached XP level 3. HP: 26/29 MP: 3/3
  1095 | D:2      | Reached skill level 4 in Shields
  1277 | D:2      | Reached XP level 4. HP: 22/35 MP: 4/4
  1568 | D:2      | Reached skill level 1 in Dodging
  1819 | D:3      | Reached XP level 5. HP: 39/42 MP: 5/5
  1891 | D:3      | Reached skill level 5 in Shields
  1891 | D:3      | Reached XP level 6. HP: 33/48 MP: 6/6
  2174 | D:3      | Found a glowing golden altar of the Shining One.
  2782 | D:4      | Found Boercha's General Store.
  3116 | D:4      | Bought a scroll of identify for 24 gold pieces
  3116 | D:4      | Bought a scroll of identify for 24 gold pieces
  3116 | D:4      | Bought a scroll of recharging for 114 gold pieces
  3175 | D:4      | Noticed Robin
  3192 | D:4      | Killed Robin
  3192 | D:4      | Reached XP level 7. HP: 52/55 MP: 7/7
  3466 | D:4      | Found a shadowy altar of Dithmenos.
  3698 | D:5      | Entered Level 5 of the Dungeon
  3795 | D:5      | Reached skill level 1 in Stealth
  3806 | D:5      | HP: 2/55 [poisoned by a scorpion]
  3807 | D:5      | Succumbed to a scorpion's poison

Action                   |  1- 3 |  4- 6 |  7- 9 || total
-------------------------+-------+-------+-------++-------
Melee: War axe           |    79 |   187 |    52 ||   318
 Abil: Dig               |       |     1 |     1 ||     2
  Use: Potion            |       |     4 |       ||     4
       Scroll            |       |     4 |     4 ||     8
  Eat: Chunk             |     1 |     6 |     2 ||     9
